 Dungeon Crawl Stone Soup version 0.23.2-33-g5129a83184 (webtiles) character file.

Game seed: 1997287780058229730

6344 Folque the Destroyer (level 10, 0/80 HPs)
             Began as a Demigod Conjurer on July 9, 2019.
             Slain by Urug
             ... wielding a +2 broad axe of chopping
              (19 damage)
             ... on level 9 of the Dungeon.
             The game lasted 00:48:17 (12301 turns).

Folque the Destroyer (Demigod Conjurer)            Turns: 12301, Time: 00:48:17

Health: 0/80       AC: 13    Str: 15    XL:     10   Next: 38%
Magic:  2/19       EV: 13    Int: 25    God:
Gold:   590        SH:  0    Dex: 14    Spells: 4/17 levels left

rFire    . . .     SeeInvis .   B - +4 great sword
rCold    . . .     Gourm    .   (shield currently unavailable)
rNeg     . . .     Faith    .   w - +0 ring mail
rPois    .         Spirit   .   L - +1 helmet
rElec    .         Reflect  .   (no cloak)
rCorr    .         Harm     .   v - +1 pair of gloves
MR       +....                  (no boots)
Stlth    +.........             (no amulet)
HPRegen  0.23/turn              (no ring)
MPRegen  0.16/turn              e - +4 ring of strength

@: studying Fighting
A: fangs 1, yellow scales 1, clumsy 1, high mp 1
a: no special abilities


You were on level 9 of the Dungeon.
You were hungry.

You visited 2 branches of the dungeon, and saw 11 of its levels.

You collected 590 gold pieces.

Inventory:

Hand Weapons
 b - a +0 dagger
 B - a +4 great sword (weapon)
Missiles
 y - 2 throwing nets (quivered)
Armour
 a - a +1 robe
 v - a +1 pair of gloves (worn)
 w - a +0 ring mail (worn)
 z - a +0 helmet
 L - a +1 helmet (worn)
Magical Staves
 E - an uncursed staff of wizardry
Jewellery
 e - a +4 ring of strength (right hand)
 o - an uncursed ring of see invisible {unknown}
 p - a +1 ring of protection {unknown}
 q - a cursed ring of teleportation {unknown}
 x - a cursed -3 ring of intelligence {unknown}
 A - an uncursed amulet of the acrobat {unknown}
 C - an uncursed ring of poison resistance {unknown}
Wands
 t - a wand of polymorph (12)
 I - a wand of random effects (17)
 J - a wand of paralysis (8)
 M - a wand of acid (5)
Scrolls
 d - 2 scrolls of amnesia
 f - a scroll of magic mapping {unknown}
 g - 3 scrolls of immolation {unknown}
 h - 3 scrolls of teleportation
 i - 3 scrolls of enchant armour
 j - 3 scrolls of fear {unknown}
 k - 4 scrolls of enchant weapon {unknown}
 l - 5 scrolls of identify {unknown}
 s - a scroll of remove curse
 F - 2 scrolls of fog {unknown}
 N - 3 scrolls of blinking {unknown}
 O - a scroll of random uselessness {unknown}
 Q - a scroll of silence {unknown}
Potions
 m - a potion of heal wounds {unknown}
 n - 3 potions of mutation
 r - a potion of brilliance {unknown}
 u - a potion of degeneration {unknown}
 H - a potion of resistance {unknown}
 K - a potion of might {unknown}
Books
 D - a manual of Fighting
Comestibles
 c - 9 rations
 P - 2 chunks of flesh


   Skills:
 + Level 4.5 Fighting
 - Level 6.5 Armour
 * Level 4.3 Dodging
 - Level 1.7 Stealth
 + Level 4.1 Spellcasting
 - Level 9.1 Conjurations
 - Level 8.0 Hexes


You had 4 spell levels left.
You knew the following spells:

 Your Spells              Type           Power        Failure   Level  Hunger
a - Magic Dart            Conj           ####         1%          1    None
b - Searing Ray           Conj           ######       1%          2    None
c - Dazzling Spray        Conj/Hex       #####.       1%          3    ##.....
d - Fulminant Prism       Conj/Hex       #####.....   4%          4    ####...
e - Confuse               Hex            #####...     1%          3    ##.....

Your spell library contained the following spells:

 Spells                   Type           Power        Failure   Level  Hunger
 Confusing Touch          Hex            #####.       1%          1    None
 Iskenderun's Mystic Bla  Conj           ######..     3%          4    ####...
 Force Lance              Conj/Tloc      ####....     26%         4    ####...
 Gell's Gravitas          Tloc           #.........   43%         3    ##.....
 Petrify                  Tmut/Erth      #.......     85%         4    ####...
 Metabolic Englaciation   Hex/Ice        ####......   65%         5    #####..
 Yara's Violent Unravell  Hex/Tmut       ####......   65%         5    #####..


Dungeon Overview and Level Annotations

Branches:
Dungeon (10/15)            Temple (1/1) D:6            Lair (0/6) D:10
    Orc: D:9-12

Shops:
D:6 *

Annotations:
D:2 Sigmund
D:9 Urug


Innate Abilities, Weirdness & Mutations

You have an increased reservoir of magic. (+10% MP)
You have very sharp teeth.
You are partially covered in yellow scales. (AC +2)
You are clumsy. (Dex -2)


Message History

Urug struggles against the net.
Wield which item (- for none, * to show all)? (? for menu, Esc to quit)
B - a +4 great sword (weapon)
Urug struggles against the net.
You slash Urug!
Urug is heavily wounded.
Urug struggles against the net. x2
You completely miss Urug. You bite Urug, but do no damage.
Urug is heavily wounded.
Urug howls with blood-lust.
Urug struggles against the net.
The net rips apart, and Urug comes free!
Urug hits you with a +2 broad axe of chopping!
Urug hits you with a +2 broad axe of chopping!!
* * * LOW HITPOINT WARNING * * *
x2 Urug misses you.
You riposte.
You hit Urug.
Urug is severely wounded.
You feel better.
Urug hits you with a +2 broad axe of chopping!!
You die...

##..)#### #.# ##...)...### #.#
##..........### ###.#
#.)...........# ###...##
..))..........## ####.......
..)............## ###.......###
............>...#####........##
................##.........###
...............o@.........##
....................#...###
..................##..(##
................##....##
................#...####
............##.........#
...........#####.......##
.........(## #........#
##.....#### ##....####


You could see Urug.

Vanquished Creatures
  A komodo dragon (D:10)
  2 hippogriffs
  4 hogs (D:9)
  A wraith (D:8)
  A human (D:9)
  Edmund (D:6)
  An orc warrior (D:8)
  A sky beast (D:6)
  A black bear (D:7)
  6 ice beasts
  5 ogres
  2 phantoms
  A necrophage (D:6)
  A centaur (D:9)
  A crocodile (D:5)
  3 big kobolds
  6 bullfrogs
  A gnoll sergeant (D:7)
  A water moccasin skeleton (D:9)
  5 scorpions
  13 wights
  5 crimson imps
  A centaur zombie (D:8)
  3 hounds
  2 orc priests
  2 jellies (D:8)
  3 quasits
  A bullfrog skeleton (D:6)
  A gnoll shaman (D:9)
  4 iguanas
  6 orc wizards
  9 worker ants
  2 worker ant zombies
  10 gnolls
  10 adders
  A howler monkey skeleton (D:4)
  A shadow imp (D:7)
  An adder zombie (D:7)
  An adder skeleton (D:6)
  5 worms
  2 dart slugs
  3 leopard geckos
  16 orcs
  3 giant cockroaches
  6 goblins
  7 hobgoblins
  10 jackals
  17 kobolds
  4 quokkas
  2 ball pythons
  8 bats
  2 frilled lizards
  A jackal zombie (D:5)
  A leopard gecko zombie (D:5)
  18 rats
  2 plants (D:10)
228 creatures vanquished.

Vanquished Creatures (others)
  A cyclops (D:7)
  56 fulminant prisms
  2 plants (D:10)
59 creatures vanquished.

Grand Total: 287 creatures vanquished

Notes
Turn   | Place    | Note
-------+----------+-------------------------------------------
     0 | D:1      | Folque the Demigod Conjurer began the quest for the Orb.
     0 | D:1      | Reached XP level 1. HP: 14/14 MP: 5/5
   265 | D:1      | Reached XP level 2. HP: 12/22 MP: 1/7
   287 | D:1      | Learned a level 2 spell: Searing Ray
   437 | D:1      | Reached skill level 4 in Conjurations
   813 | D:1      | Reached skill level 1 in Fighting
  1057 | D:1      | Reached XP level 3. HP: 28/28 MP: 8/8
  1062 | D:1      | Learned a level 3 spell: Dazzling Spray
  1488 | D:2      | Found a glowing golden altar of the Shining One.
  1657 | D:2      | Found a hide-covered altar of Uskayaw.
  2014 | D:2      | Noticed Sigmund
  2198 | D:2      | Found a sacrificial altar of Ru.
  2243 | D:2      | Found a burning altar of Makhleb.
  2753 | D:3      | Reached XP level 4. HP: 35/35 MP: 11/11
  3025 | D:3      | Noticed a fire elemental
  3028 | D:3      | Found a stormy altar of Qazlal.
  3030 | D:3      | Noticed an air elemental
  3030 | D:3      | Noticed a water elemental
  3030 | D:3      | Noticed an earth elemental
  3116 | D:3      | Gained mutation: You are clumsy. (Dex -2) [potion of
                  | mutation]
  3116 | D:3      | Gained mutation: You are partially covered in yellow
                  | scales. (AC +2) [potion of mutation]
  3116 | D:3      | Gained mutation: You have very sharp teeth. [potion of
                  | mutation]
  3660 | D:4      | Reached XP level 5. HP: 40/40 MP: 11/13
  3666 | D:4      | Learned a level 4 spell: Fulminant Prism
  3673 | D:4      | Noticed an ogre
  4044 | D:4      | Killed an ogre
  4044 | D:4      | Reached skill level 5 in Conjurations
  4343 | D:4      | Found a shimmering altar of Xom.
  4459 | D:5      | Entered Level 5 of the Dungeon
  4481 | D:5      | Found an iron altar of Okawaru.
  4490 | D:5      | Reached XP level 6. HP: 41/47 MP: 2/14
  4546 | D:5      | Reached skill level 1 in Armour
  4861 | D:5      | Reached XP level 7. HP: 52/52 MP: 10/15
  5524 | D:5      | Found a white marble altar of Elyvilon.
  5959 | D:5      | Reached skill level 6 in Conjurations
  6366 | D:6      | Found Sedugyll's Assorted Antiques.
  6395 | D:6      | Reached XP level 8. HP: 59/59 MP: 8/16
  6396 | D:6      | Found a staircase to the Ecumenical Temple.
  6416 | Temple   | Entered the Ecumenical Temple
  6757 | D:6      | Noticed Edmund
  6775 | D:6      | Killed Edmund
  6775 | D:6      | Reached skill level 5 in Armour
  6970 | D:7      | Noticed a hippogriff
  6990 | D:6      | Reached skill level 5 in Hexes
  7174 | D:6      | Killed a hippogriff
  7441 | D:6      | Reached skill level 7 in Conjurations
  7664 | D:6      | Reached XP level 9. HP: 46/63 MP: 11/17
  7824 | D:7      | Noticed a cyclops
  8975 | D:7      | Killed a cyclops
  8975 | D:7      | Reached skill level 8 in Conjurations
  9508 | D:8      | Learned a level 3 spell: Confuse
 10538 | D:8      | Reached skill level 9 in Conjurations
 10780 | D:9      | Found a shadowy altar of Dithmenos.
 10789 | D:8      | Reached XP level 10. HP: 20/71 MP: 11/18
 12150 | D:10     | Entered Level 10 of the Dungeon
 12174 | D:10     | Found a staircase to the Lair.
 12262 | D:10     | Noticed Urug
 12301 | D:9      | Slain by Urug

Skill      XL: |  1  2  3  4  5  6  7  8  9 10 |
---------------+-------------------------------+-----
Spellcasting   | 2 3 4 |  4.1
Conjurations   | 4 5 6 7 9 |  9.1
Fighting       | 1 4 |  4.5
Hexes          | 2 3 4 5 7 8 |  8.0
Armour         | 2 4 6 |  6.5
Dodging        | 4 |  4.3
Stealth        | |  1.7

Action                   |  1- 3 |  4- 6 |  7- 9 | 10-12 || total
-------------------------+-------+-------+-------+-------++-------
Melee: Dagger            |   123 |    60 |       |       ||   183
       Bite              |       |     1 |     7 |     3 ||    11
       Great sword       |       |       |    53 |     2 ||    55
       Staff             |       |       |    16 |    16 ||    32
Throw: Throwing net      |       |       |     2 |     1 ||     3
 Cast: Magic Dart        |    47 |    25 |    39 |    20 ||   131
       Searing Ray       |     5 |    11 |    55 |     9 ||    80
       Dazzling Spray    |     4 |     3 |    19 |    15 ||    41
       Fulminant Prism   |       |     6 |    41 |     9 ||    56
  Use: Scroll            |     3 |       |     2 |     1 ||     6
       Potion            |       |     3 |     1 |     1 ||     5
 Stab: Sleeping          |     7 |     2 |       |       ||     9
       Invisible         |     1 |       |       |       ||     1
  Eat: Chunk             |     7 |     6 |     8 |     6 ||    27
       Ration            |       |     1 |     6 |       ||     7
Armor: Robe              |    31 |    17 |       |       ||    48
       Ring mail         |       |       |   140 |    20 ||   160
Dodge: Dodged            |    94 |    48 |   193 |    31 ||   366
       Rpst.: Great sword |       |       |    28 |     1 ||    29
